 Dungeon Sprint DCSS version 0.17-a0-2147-gfb20a63 (webtiles) character file.

118607 Kidiri the Imperceptible (level 15, -6/81 HPs)
             Began as a Spriggan Enchanter on Oct 24, 2015.
             Was the Champion of Dithmenos.
             Mangled by a reaper
             ... wielding a +2 scythe of protection
             ... summoned by a mummy priest's death curse
              (20 damage)
             ... in the Dungeon (Sprint III: "The Ten Rune Challenge").
             The game lasted 00:56:19 (12531 turns).

Kidiri the Imperceptible (Spriggan Enchanter)      Turns: 12531, Time: 00:56:19

Health: -6/81      AC: 12    Str: 11    XL:     15   Next: 52%
Magic:  0/39       EV: 50    Int: 24    God:    Dithmenos [******]
Gold:   703        SH: 13    Dex: 37    Spells: 14 memorised, 1 level left

rFire  + . .     SeeInvis +     b - +6 dagger "Nety" {pierce, rN+ MP-9 Str+3}
rCold  . . .     Clarity  .     F - +4 robe of Augmentation {Str+4 Int+4 Dex+4}
rNeg   + + .     SustAt   .     A - +1 buckler
rPois  +         Gourm    .     a - +2 hat
rElec  .         Spirit   +     n - +2 cloak
rCorr  .         Warding  .     (gloves unavailable)
rMut   .         NoTele   +     (boots unavailable)
MR     ++...                    e - amulet of guardian spirit
Stlth  ++++++++++               B - ring "Hubestry" {rPois MP+9 Dex+4}
                                y - ring "Eles" {rN+ Dex+4 SInv}

@: agile, wreathed by umbra, very quick, very resistant to hostile enchantments,
uncannily stealthy
A: unfitting armour, see invisible, fire resistance 1, herbivore 3, speed 3,
screaming 1, slow metabolism 2
a: Shadow Step, Shadow Form, Renounce Religion
}: 2/10 runes: serpentine, barnacled


You were in the Dungeon.
You worshipped Dithmenos.
Dithmenos was exalted by your worship.
You were full.

You visited 1 branch You collected 3969 gold pieces.
You spent 3266 gold pieces at shops.

Inventory:

Hand Weapons
 b - the +6 dagger "Nety" (weapon) {pierce, rN+ MP-9 Str+3}
   (You bought it in a shop in the Dungeon)

   It inflicts extra damage upon your enemies.
   It affects your strength (+3).
   It protects you from negative energy.
   It affects your magic capacity (-9).
Missiles
 m - 15 throwing nets (quivered)
Armour
 a - a +2 hat (worn)
 c - a +2 robe of resistance
 n - a +2 cloak (worn)
 A - a +1 buckler (worn)
 F - the +4 robe of Augmentation (worn) {Str+4 Int+4 Dex+4}
   (You found it in the Dungeon)

   It affects your strength (+4).
   It affects your intelligence (+4).
   It affects your dexterity (+4).
Jewellery
 e - an amulet of guardian spirit (around neck)
 y - the ring "Eles" (left hand) {rN+ Dex+4 SInv}
   (You found it in the Dungeon)

   [ring of dexterity]

   It affects your dexterity (+4).
   It protects you from negative energy.
   It lets you see invisible.
 B - the ring "Hubestry" (right hand) {rPois MP+9 Dex+4}
   (You bought it in a shop in the Dungeon)

   [ring of magical power]

   It affects your dexterity (+4).
   It protects you from poison.
   It affects your magic capacity (+9).
Wands
 D - a wand of frost (20)
 H - a wand of heal wounds (3)
Scrolls
 k - 3 scrolls of silence
 p - a scroll of holy word
 q - 3 scrolls of amnesia
 u - a scroll of torment
Potions
 f - 4 potions of curing
 g - a potion of haste
 i - 2 potions of berserk rage
 j - a potion of resistance
 l - a potion of brilliance
 r - a potion of invisibility {unknown}
 t - 2 potions of flight
 w - 3 potions of heal wounds
 x - 2 potions of cure mutation
 z - 2 potions of lignification
 C - a potion of poison {unknown}
Books
 J - the Grimoire of Floating Enhancements
   (You found it in the Dungeon)

   Spells                             Type                      Level
   a - Infusion                       Charms                       1
   b - Song of Slaying                Charms                       2
   c - Mephitic Cloud                 Conjuration/Poison/Air       3
   d - Airstrike                      Air                          4
   e - Warp Weapon                    Charms/Translocation         5
   f - Lightning Bolt                 Conjuration/Air              5
 K - a book of the Earth

   Spells                             Type                      Level
   a - Leda's Liquefaction            Hexes/Earth                  4
   b - Bolt of Magma                  Conjuration/Fire/Earth       5
   c - Statue Form                    Transmutation/Earth          6
   d - Iron Shot                      Conjuration/Earth            6
   e - Shatter                        Earth                        9
Comestibles
 o - 4 fruits
 s - 32 royal jellies


   Skills:
 + Level 10.3 Fighting
 * Level 18.0 Short Blades
 + Level 9.8 Armour
 * Level 22.1 Dodging
 * Level 23.9 Stealth
 + Level 10.6 Shields
 * Level 19.2 Spellcasting
 + Level 9.7 Conjurations
 + Level 14.5 Hexes
 + Level 10.0 Translocations
 + Level 9.2 Transmutations
 + Level 10.4 Ice Magic
 + Level 5.7 Air Magic
 + Level 6.4 Earth Magic
 + Level 6.6 Poison Magic
 - Level 9.5 Invocations


You had one spell level left.
You knew the following spells:

 Your Spells              Type           Power        Failure   Level  Hunger
a - Corona                Hex            #######      0%          1    None
b - Ensorcelled Hibernat  Hex/Ice        ######       1%          2    None
c - Confuse               Hex            #######.     0%          3    None
d - Tukima's Dance        Hex            #######.     0%          3    None
e - Dazzling Spray        Conj/Hex       ######..     1%          3    None
f - Passwall              Trmt/Erth      ######....   1%          3    None
g - Passage of Golubria   Tloc           N/A          1%          4    None
h - Lee's Rapid Deconstr  Erth           ######....   4%          5    None
i - Darkness              Hex            #######...   1%          6    ###....
j - Invisibility          Hex            #######.     1%          6    ###....
k - Freezing Cloud        Conj/Ice/Air   ######....   12%         6    ###....
l - Cure Poison           Pois           ######....   1%          2    None
m - Mephitic Cloud        Conj/Pois/Air  ######..     1%          3    None
n - Airstrike             Air            ######....   1%          4    None


Dungeon Overview and Level Annotations

Branches:
Dungeon (1/1)

Altars:
Cheibriados
Dithmenos
Elyvilon
Fedhas
Gozag
Kikubaaqudgha
Makhleb
Nemelex Xobeh
Okawaru
Qazlal
Ru
Sif Muna
Trog
Vehumet
Xom
Yredelemnul
Zin
The Shining One
Jiyva
Lugonu

Shops:
D }%(:[?(?=%?!=!:[:}(


Innate Abilities, Weirdness & Mutations

You are tiny and cannot use many weapons and most armour.
You have supernaturally acute eyesight.
You are a herbivore.
You cover ground extremely quickly.
You need consume almost no food.
Your flesh is heat resistant.
You occasionally shout uncontrollably at your foes.


Message History

The reaper misses you. The death scarab completely misses you.
The emperor scorpion completely misses you. x3
The reaper completely misses you. The Shadow Fiend gestures at you.
The bolt of negative energy misses you.
You hit the death scarab.
The death scarab is heavily damaged.
The death scarab completely misses you. You block the death scarab's attack.
You hear a loud "Zot"!
The death scarab completely misses you.
Unknown command.
You hit the death scarab.
The death scarab is severely damaged.
Your shadow closely misses the death scarab.
The death scarab bites you!!
* * * LOW HITPOINT WARNING * * *
You emit a cloud of dark smoke.
You block the death scarab's attack.
The death scarab completely misses you. x2
The reaper hits you from afar with a scythe of protection!!
You die...

,*,#§.§§§...#.#.#)#/#.#.#[#.#.#
,..§§§§.....#+#+#+#+#+#+#+#+#'#
..§§§§§.....#.....^^...).^.)..#
#############^...^...^...^^...#
**,*≈≈≈≈≈≈**#÷#+#+#+#+#+#+#+#+#
,**+*,≈≈,≈*,#)#)#.#.#)#.#.#.#[#
,,***,,,,≈*,▓.▓▓▓▓▓▓▓▓▓▓▓▓▓▓▓▓▓
,,+,,,,,,,,,▓..#Bs2ssBB.§.§§s§#
,,*****,,≈*,▓..#@12sMsBs§s.sM§#
,**,,,**,≈*,▓..#BB##########§§#
***,*,,**+**▓..#B§#..MM4:[?#§§#
***,**,**,,,▓..#..#MMMMM"[}#§^#
≈+*,**,****,▓..#.^#MMMMM))[#s.#
,*,,**,,,,,,▓..#..#...M.φ|[#..#
,*******+***▓..#..#4########.^#
,*,,+≈⌠,,,≈,▓..#..#M..MM......#
≈+,,*≈≈,≈,≈,▓..'..#...^..M.^..#


You could see an emperor scorpion, a Shadow Fiend, 2 reapers and 4 death
scarabs.

Vanquished Creatures
  Norris (D)
  4 bone dragons (D)
  A lich (D)
  Rupert (D)
  A deep elf master archer (D)
  A kraken (D)
  Gastronok (D)
  2 sphinxes (D)
  Chuck (D)
  Dowan (D)
  2 shadow dragons (D)
  A greater naga (D)
  Maud (D)
  2 deep elf demonologists (D)
  2 dire elephants (D)
  A deep elf annihilator (D)
  2 vampire knights (D)
  2 deep elf death magi (D)
  5 mummy priests (D)
  A yaktaur captain (D)
  A fire dragon (D)
  An ogre mage (D)
  2 hydras (D)
  A naga warrior (D)
  4 anacondas (D)
  4 alligator snapping turtles (D)
  Erolcha (D)
  An anaconda (shapeshifter) (D)
  A centaur warrior (D)
  4 death yaks (D)
  4 dancing weapons (D)
  2 deep elf knights (D)
  2 skeletal warriors (D)
  A death drake (D)
  2 deep trolls (shapeshifter) (D)
  A spriggan druid (D)
  An obsidian statue (D)
  A sea snake (shapeshifter) (D)
  A lindwurm (D)
  4 ugly things (D)
  An orc sorcerer (D)
  2 elephants (D)
  6 black mambas (D)
  A guardian serpent (D)
  A torpor snail (shapeshifter) (D)
  Duvessa (D)
  An orange crystal statue (D)
  2 spiny frogs (D)
  A komodo dragon (D)
  2 deep elf priests (D)
  A yaktaur (shapeshifter) (D)
  9 guardian mummies (D)
  3 wandering mushrooms (D)
  A fire drake (D)
  A queen bee (D)
  4 spriggan defenders (D)
  8 blink frogs (D)
  5 slime creatures (D)
  2 orc high priests (D)
  2 snapping turtles (D)
  4 redbacks (D)
  2 trapdoor spiders (D)
  2 spriggans (D)
  A shadow (D)
  A spatial vortex (D)
  2 hill giants (D)
  2 nagas (D)
  4 water moccasins (D)
  An orc warrior (D)
  A swamp drake (D)
  A necrophage (D)
  2 two-headed ogres (D)
  2 brain worms (D)
  A water elemental (D)
  32 killer bees (D)
  A jelly (D)
  Crazy Yiuf (D)
  6 orc priests (D)
  2 orc wizards (D)
  Jessica (D)
  4 necromancers (D)
  A wizard (D)
  3 humans (D)
  A kobold demonologist (D)
  4 adders (D)
  An ooze (D)
  6 orcs (D)
  A bat zombie (D)
  2 bat simulacra (D)
  2 rats (D)
  8 bushes (D)
  A fungus (D)
  2 plants (D)
231 creatures vanquished.

Vanquished Creatures (collateral kills)
  A vampire knight (D)
  A deep elf knight (D)
  An orc knight (D)
  An orc sorcerer (D)
  A two-headed ogre (D)
  2 orcs (D)
7 creatures vanquished.

Vanquished Creatures (others)
  2 draconian scorchers (D)
  A mummy priest (D)
  2 deep elf conjurers (D)
  3 yaktaurs (D)
  2 guardian mummies (D)
  An electric eel (D)
  7 plants (D)
  4 tentacles (D)
22 creatures vanquished.

Grand Total: 260 creatures vanquished

Notes
Turn   | Place    | Note
--------------------------------------------------------------
     0 | D        | Kidiri the Spriggan Enchanter began the quest for the Orb.
     0 | D        | Reached XP level 1. HP: 9/9 MP: 5/5
    22 | D        | Noticed Jessica
    46 | D        | Killed Jessica
    46 | D        | Reached skill level 1 in Fighting
    46 | D        | Reached skill level 1 in Armour
    46 | D        | Reached skill level 6 in Stealth
    46 | D        | Reached XP level 2. HP: 7/14 MP: 3/7
    46 | D        | Reached XP level 3. HP: 9/18 MP: 3/9
    60 | D        | Learned a level 2 spell: Ensorcelled Hibernation
    64 | D        | Learned a level 3 spell: Confuse
    68 | D        | Learned a level 3 spell: Dazzling Spray
   177 | D        | Killed a yaktaur
   204 | D        | Noticed Crazy Yiuf
   207 | D        | Killed Crazy Yiuf
   207 | D        | Reached skill level 5 in Dodging
   211 | D        | Reached skill level 1 in Ice Magic
   211 | D        | Reached XP level 4. HP: 22/22 MP: 7/11
   225 | D        | Learned a level 3 spell: Tukima's Dance
   239 | D        | Killed a white draconian scorcher
   245 | D        | Gained mutation: You are clumsy. (Dex -2) [potion of mutation]
   245 | D        | Gained mutation: Your flesh is heat resistant. [potion of mutation]
   245 | D        | Lost mutation: You are clumsy. (Dex -2) [potion of mutation]
   256 | D        | Killed a white draconian scorcher
   257 | D        | Noticed a water elemental
   259 | D        | Killed a water elemental
   259 | D        | Reached skill level 7 in Stealth
   259 | D        | Reached skill level 5 in Spellcasting
   259 | D        | Reached skill level 1 in Conjurations
   259 | D        | Reached XP level 5. HP: 24/26 MP: 12/14
   287 | D        | Noticed a jelly
   288 | D        | Noticed a shadow
   309 | D        | Killed a jelly
   309 | D        | Reached skill level 8 in Stealth
   309 | D        | Reached skill level 5 in Hexes
   313 | D        | Killed a shadow
   313 | D        | Reached skill level 5 in Short Blades
   313 | D        | Reached skill level 9 in Stealth
   313 | D        | Reached XP level 6. HP: 28/32 MP: 0/16
   424 | D        | Found a stormy altar of Qazlal.
   424 | D        | Found a sacrificial altar of Ru.
   424 | D        | Found a burning altar of Makhleb.
   424 | D        | Found a shimmering altar of Xom.
   424 | D        | Noticed a spatial vortex
   433 | D        | Found a viscous altar of Jiyva.
   433 | D        | Found a shadowy altar of Dithmenos.
   433 | D        | Found a sparkling altar of Nemelex Xobeh.
   433 | D        | Found a corrupted altar of Lugonu.
   433 | D        | Found an opulent altar of Gozag.
   438 | D        | Became a worshipper of Dithmenos the Shadowed
   479 | D        | Killed a spatial vortex
   479 | D        | Reached skill level 10 in Stealth
   479 | D        | Reached skill level 1 in Invocations
   608 | D        | Found a radiant altar of Vehumet.
   609 | D        | Found a deep blue altar of Sif Muna.
   609 | D        | Found an ancient bone altar of Kikubaaqudgha.
   609 | D        | Noticed a wizard
   610 | D        | Killed a wizard
   612 | D        | Reached * piety under Dithmenos
   647 | D        | Found a glowing silver altar of Zin.
   648 | D        | Found a glowing golden altar of the Shining One.
   648 | D        | Found a white marble altar of Elyvilon.
   648 | D        | Noticed a deep elf priest
   650 | D        | Killed a deep elf priest
   650 | D        | Reached XP level 7. HP: 36/36 MP: 17/19
   664 | D        | Found an iron altar of Okawaru.
   665 | D        | Found a bloodstained altar of Trog.
   665 | D        | Noticed a human
   665 | D        | Noticed a human
   669 | D        | Killed a human
   669 | D        | Reached skill level 10 in Dodging
   669 | D        | Reached skill level 11 in Stealth
   676 | D        | Killed a human
   676 | D        | Reached XP level 8. HP: 24/42 MP: 7/21
   810 | D        | Found a snail-covered altar of Cheibriados.
   810 | D        | Noticed a necrophage
   811 | D        | Found a basalt altar of Yredelemnul.
   811 | D        | Found a blossoming altar of Fedhas.
   811 | D        | Noticed a necromancer
   812 | D        | Killed a necrophage
   812 | D        | Reached ** piety under Dithmenos
   813 | D        | Killed a necromancer
   832 | D        | Noticed a two-headed ogre
   832 | D        | Noticed a two-headed ogre
   836 | D        | Killed a two-headed ogre
   847 | D        | Killed a two-headed ogre
   847 | D        | Reached *** piety under Dithmenos
  1031 | D        | Noticed a two-headed ogre
  1032 | D        | Killed a two-headed ogre
  1037 | D        | Noticed a hill giant
  1040 | D        | Killed a hill giant
  1108 | D        | Noticed a hill giant
  1108 | D        | Noticed Erolcha
  1110 | D        | Killed Erolcha
  1110 | D        | Reached skill level 12 in Stealth
  1110 | D        | Reached XP level 9. HP: 46/46 MP: 23/23
  1111 | D        | Killed a hill giant
  1111 | D        | Reached skill level 10 in Spellcasting
  1189 | D        | Noticed a redback
  1203 | D        | Killed a redback
  1203 | D        | Reached skill level 13 in Stealth
  1222 | D        | Noticed a trapdoor spider
  1229 | D        | Killed a trapdoor spider
  1229 | D        | Reached **** piety under Dithmenos
  1263 | D        | Noticed a trapdoor spider
  1266 | D        | Killed a trapdoor spider
  1303 | D        | Noticed a killer bee
  1303 | D        | Noticed a killer bee
  1303 | D        | Noticed a killer bee
  1303 | D        | Noticed a killer bee
  1303 | D        | Noticed a killer bee
  1303 | D        | Noticed a killer bee
  1303 | D        | Noticed a killer bee
  1303 | D        | Noticed a killer bee
  1303 | D        | Noticed a killer bee
  1303 | D        | Noticed a killer bee
  1303 | D        | Noticed a killer bee
  1303 | D        | Noticed a killer bee
  1303 | D        | Noticed a killer bee
  1303 | D        | Noticed a killer bee
  1303 | D        | Noticed a killer bee
  1304 | D        | Noticed a killer bee
  1304 | D        | Noticed a killer bee
  1304 | D        | Noticed a killer bee
  1304 | D        | Noticed a killer bee
  1304 | D        | Noticed a killer bee
  1304 | D        | Noticed a killer bee
  1304 | D        | Noticed a queen bee
  1304 | D        | Noticed a killer bee
  1304 | D        | Noticed a killer bee
  1304 | D        | Noticed a killer bee
  1304 | D        | Noticed a killer bee
  1304 | D        | Noticed a killer bee
  1304 | D        | Noticed a killer bee
  1304 | D        | Noticed a killer bee
  1304 | D        | Noticed a killer bee
  1304 | D        | Noticed a killer bee
  1304 | D        | Noticed a killer bee
  1304 | D        | Noticed a killer bee
  1307 | D        | Killed a killer bee
  1313 | D        | Killed a killer bee
  1315 | D        | Killed a killer bee
  1317 | D        | Killed a killer bee
  1317 | D        | Reached ***** piety under Dithmenos
  1319 | D        | Killed a killer bee
  1324 | D        | Killed a killer bee
  1335 | D        | Killed a killer bee
  1338 | D        | Killed a killer bee
  1359 | D        | Killed a killer bee
  1361 | D        | Killed a killer bee
  1363 | D        | Killed a killer bee
  1363 | D        | Reached skill level 5 in Fighting
  1369 | D        | Killed a killer bee
  1370 | D        | Killed a killer bee
  1477 | D        | Killed an electric eel
  1656 | D        | Killed a killer bee
  1695 | D        | Killed a queen bee
  1695 | D        | Reached skill level 5 in Ice Magic
  1697 | D        | Killed a killer bee
  1699 | D        | Killed a killer bee
  1699 | D        | Reached skill level 10 in Short Blades
  1701 | D        | Killed a killer bee
  1701 | D        | Reached ****** piety under Dithmenos
  1703 | D        | Killed a killer bee
  1705 | D        | Killed a killer bee
  1707 | D        | Killed a killer bee
  1707 | D        | Reached skill level 14 in Stealth
  1707 | D        | Reached skill level 5 in Invocations
  1711 | D        | Killed a killer bee
  1713 | D        | Killed a killer bee
  1715 | D        | Killed a killer bee
  1718 | D        | Killed a killer bee
  1718 | D        | Reached XP level 10. HP: 15/51 MP: 1/26
  1747 | D        | Killed a killer bee
  2063 | D        | Killed a killer bee
  2092 | D        | Killed a killer bee
  2094 | D        | Killed a killer bee
  2099 | D        | Killed a killer bee
  2102 | D        | Killed a killer bee
  2128 | D        | Killed a killer bee
  2130 | D        | Killed a killer bee
  2273 | D        | Noticed a wandering mushroom
  2274 | D        | Noticed a wandering mushroom
  2274 | D        | Noticed a wandering mushroom
  2276 | D        | Killed a wandering mushroom
  2278 | D        | Killed a wandering mushroom
  2278 | D        | Reached skill level 5 in Armour
  2279 | D        | Killed a wandering mushroom
  2318 | D        | Noticed a spiny frog
  2318 | D        | Noticed a komodo dragon
  2318 | D        | Noticed a spiny frog
  2322 | D        | Killed a spiny frog
  2324 | D        | Killed a spiny frog
  2324 | D        | Reached skill level 5 in Conjurations
  2327 | D        | Killed a komodo dragon
  2327 | D        | Reached skill level 15 in Stealth
  2343 | D        | Noticed a redback
  2345 | D        | Killed a redback
  2346 | D        | Noticed a brain worm
  2349 | D        | Killed a brain worm
  2352 | D        | Noticed a brain worm
  2354 | D        | Killed a brain worm
  2357 | D        | Noticed a lindwurm
  2359 | D        | Noticed a redback
  2360 | D        | Killed a lindwurm
  2362 | D        | Killed a redback
  2366 | D        | Noticed a redback
  2367 | D        | Killed a redback
  2368 | D        | Noticed Maud
  2370 | D        | Killed Maud
  2370 | D        | Reached XP level 11. HP: 54/56 MP: 28/28
  2383 | D        | Noticed an eight-headed hydra
  2383 | D        | Noticed a four-headed hydra
  2385 | D        | Killed an eight-headed hydra
  2385 | D        | Reached skill level 16 in Stealth
  2386 | D        | Killed a four-headed hydra
  2408 | D        | Noticed a death drake
  2411 | D        | Killed a death drake
  2420 | D        | Found a blossoming altar of Fedhas.
  2420 | D        | Noticed a spriggan
  2420 | D        | Noticed a spriggan druid
  2420 | D        | Noticed a spriggan
  2422 | D        | Killed a spriggan druid
  2422 | D        | Reached skill level 15 in Dodging
  2422 | D        | Reached skill level 10 in Hexes
  2423 | D        | Killed a spriggan
  2427 | D        | Killed a spriggan
  2504 | D        | Noticed a kraken
  2509 | D        | Noticed a snapping turtle
  2510 | D        | Noticed a snapping turtle
  2538 | D        | Killed a kraken
  2538 | D        | Reached skill level 17 in Stealth
  2625 | D        | Noticed an alligator snapping turtle
  2625 | D        | Noticed an alligator snapping turtle
  2625 | D        | Noticed an alligator snapping turtle
  2625 | D        | Noticed an alligator snapping turtle
  2625 | D        | Found Luizyodu's Antique Weapon Boutique.
  2625 | D        | Found Vejas's Magic Scroll Shop.
  2625 | D        | Found Ohaar's Book Emporium.
  2626 | D        | Killed a snapping turtle
  2628 | D        | Killed an alligator snapping turtle
  2878 | D        | Killed an alligator snapping turtle
  2884 | D        | Killed an alligator snapping turtle
  2898 | D        | Killed an alligator snapping turtle
  2902 | D        | Killed a snapping turtle
  2907 | D        | Got a barnacled rune of Zot
  2911 | D        | Bought 2 scrolls of identify for 40 gold pieces
  3010 | D        | Noticed a swamp drake
  3010 | D        | Noticed a fire drake
  3011 | D        | Killed a fire drake
  3011 | D        | Reached XP level 12. HP: 63/63 MP: 31/31
  3013 | D        | Killed a swamp drake
  3019 | D        | Noticed a blink frog
  3020 | D        | Noticed a blink frog
  3021 | D        | Noticed a blink frog
  3021 | D        | Noticed a blink frog
  3022 | D        | Killed a blink frog
  3023 | D        | Noticed a blink frog
  3024 | D        | Killed a blink frog
  3035 | D        | Killed a blink frog
  3036 | D        | Killed a blink frog
  3041 | D        | Killed a blink frog
  3041 | D        | Reached skill level 18 in Stealth
  3180 | D        | Noticed Rupert
  3185 | D        | Killed Rupert
  3206 | D        | Noticed a death yak
  3207 | D        | Noticed a death yak
  3207 | D        | Noticed a blink frog
  3208 | D        | Noticed an azure jelly
  3208 | D        | Noticed a death yak
  3208 | D        | Noticed an azure jelly
  3208 | D        | Noticed a blink frog
  3208 | D        | Noticed a death yak
  3209 | D        | Killed a death yak
  3210 | D        | Killed a death yak
  3211 | D        | Killed a blink frog
  3212 | D        | Noticed a blink frog
  3212 | D        | Noticed a black mamba
  3217 | D        | Killed a blink frog
  3230 | D        | Killed a death yak
  3367 | D        | Noticed an azure jelly
  3367 | D        | Noticed an azure jelly
  3368 | D        | Killed a blink frog
  3376 | D        | Killed a death yak
  3378 | D        | Noticed a black mamba
  3380 | D        | Killed a black mamba
  3381 | D        | Killed a black mamba
  3381 | D        | Reached skill level 15 in Spellcasting
  3460 | D        | Noticed an anaconda
  3460 | D        | Noticed a black mamba
  3460 | D        | Noticed a water moccasin
  3461 | D        | Noticed an anaconda
  3461 | D        | Noticed a water moccasin
  3462 | D        | Killed an anaconda
  3462 | D        | Reached skill level 19 in Stealth
  3464 | D        | Killed a water moccasin
  3466 | D        | Killed a black mamba
  3468 | D        | Killed a water moccasin
  3470 | D        | Killed an anaconda
  3501 | D        | Noticed an anaconda
  3501 | D        | Noticed a black mamba
  3501 | D        | Noticed a black mamba
  3518 | D        | Killed an anaconda
  3519 | D        | Killed a black mamba
  3522 | D        | Killed a black mamba
  3541 | D        | Noticed an anaconda
  3541 | D        | Noticed a water moccasin
  3541 | D        | Noticed a black mamba
  3542 | D        | Noticed a water moccasin
  3551 | D        | Killed an anaconda
  3553 | D        | Killed a black mamba
  3554 | D        | Killed a water moccasin
  3625 | D        | Killed a water moccasin
  3625 | D        | Reached XP level 13. HP: 68/68 MP: 28/33
  3648 | D        | Noticed a naga
  3648 | D        | Noticed a naga
  3649 | D        | Noticed a naga warrior
  3649 | D        | Noticed a greater naga
  3649 | D        | Found Bieh's Gadget Boutique.
  3649 | D        | Found Nidesaet's Food Emporium.
  3649 | D        | Found Xercheu's Antique Weapon Shop.
  3650 | D        | Killed a naga
  3651 | D        | Killed a naga
  3705 | D        | Killed a yaktaur
  3953 | D        | Killed a greater naga
  3971 | D        | Killed a naga warrior
  4082 | D        | Noticed a guardian serpent
  4084 | D        | Killed a guardian serpent
  4087 | D        | Got a serpentine rune of Zot
  4165 | D        | Noticed an elephant
  4165 | D        | Noticed an elephant
  4165 | D        | Noticed a dire elephant
  4165 | D        | Noticed a dire elephant
  4165 | D        | Noticed Gastronok
  4176 | D        | Killed a dire elephant
  4187 | D        | Killed Gastronok
  4187 | D        | Reached skill level 20 in Stealth
  4195 | D        | Killed an elephant
  4342 | D        | Killed an elephant
  4357 | D        | Killed a dire elephant
  4357 | D        | Reached skill level 15 in Short Blades
  4482 | D        | Noticed an orc knight
  4482 | D        | Noticed an orc warrior
  4482 | D        | Noticed an orc wizard
  4482 | D        | Noticed an orc priest
  4482 | D        | Noticed an orc sorcerer
  4482 | D        | Noticed an orc priest
  4482 | D        | Noticed an orc wizard
  4482 | D        | Noticed an orc priest
  4483 | D        | Noticed an orc priest
  4483 | D        | Noticed an orc sorcerer
  4484 | D        | Killed an orc wizard
  4485 | D        | Killed an orc priest
  4487 | D        | Killed an orc priest
  4490 | D        | Killed an orc warrior
  4494 | D        | Killed an orc knight
  4502 | D        | Killed an orc sorcerer
  4508 | D        | Killed an orc priest
  4515 | D        | Killed an orc priest
  4520 | D        | Killed an orc sorcerer
  4532 | D        | Killed an orc wizard
  4566 | D        | Found Xaotzol's Armour Boutique.
  4842 | D        | Bought an iridescent dagger for 154 gold pieces
  4842 | D        | Identified the +6 dagger "Nety" {pierce, rN+ MP-9 Str+3} (You bought it in a shop in the Dungeon)
  4845 | D        | Bought a scroll of identify for 20 gold pieces
  4847 | D        | Bought a manual of Shields for 1104 gold pieces
  4847 | D        | Bought a book of Burglary for 750 gold pieces
  4868 | D        | Learned a level 3 spell: Passwall
  4873 | D        | Learned a level 4 spell: Passage of Golubria
  4879 | D        | Learned a level 5 spell: Lee's Rapid Deconstruction
  4886 | D        | Learned a level 6 spell: Darkness
  4893 | D        | Learned a level 6 spell: Invisibility
  4979 | D        | Noticed a deep elf knight
  4979 | D        | Noticed a deep elf priest
  4979 | D        | Noticed a deep elf knight
  4979 | D        | Noticed a deep elf knight
  4979 | D        | Noticed a deep elf conjurer
  5001 | D        | Killed a deep elf knight
  5012 | D        | Killed a deep elf conjurer
  5020 | D        | Killed a deep elf knight
  5020 | D        | Reached skill level 1 in Translocations
  5022 | D        | Killed a deep elf priest
  5022 | D        | Reached skill level 1 in Transmutations
  5027 | D        | Killed a deep elf knight
  5027 | D        | Reached skill level 1 in Shields
  5027 | D        | Reached skill level 1 in Earth Magic
  5120 | D        | Noticed a deep elf demonologist
  5125 | D        | Noticed a deep elf conjurer
  5125 | D        | Noticed a deep elf death mage
  5251 | D        | Noticed a deep elf master archer
  5252 | D        | Noticed a deep elf annihilator
  5252 | D        | Noticed a deep elf demonologist
  5254 | D        | Noticed a deep elf death mage
  5258 | D        | Noticed a balrug
  5527 | D        | Killed a deep elf death mage
  5751 | D        | Noticed a cacodemon
  5913 | D        | Noticed an Executioner
  5919 | D        | Killed a deep elf demonologist
  6098 | D        | Killed a deep elf annihilator
  6238 | D        | Killed a ghostly deep elf annihilator
  6303 | D        | Killed a deep elf conjurer
  6360 | D        | Noticed an Ice Fiend
  6362 | D        | Killed a deep elf demonologist
  6750 | D        | Killed a deep elf death mage
  6750 | D        | Reached skill level 21 in Stealth
  6817 | D        | Killed a deep elf master archer
  6986 | D        | Got a smoking marble ring
  7000 | D        | Identified the Grimoire of Floating Enhancements
  7082 | D        | Identified the ring "Eles" {rN+ Dex+4 SInv} (You found it in the Dungeon)
  7222 | D        | Learned a level 6 spell: Freezing Cloud
  7236 | D        | Learned a level 2 spell: Cure Poison
  7296 | D        | Noticed Dowan
  7297 | D        | Noticed Duvessa
  7299 | D        | Killed Duvessa
  7301 | D        | Killed Dowan
  7301 | D        | Reached skill level 1 in Poison Magic
  7340 | D        | Noticed an orc high priest
  7340 | D        | Noticed an orc high priest
  7341 | D        | Noticed an orc priest
  7341 | D        | Noticed an orc priest
  7342 | D        | Killed an orc high priest
  7343 | D        | Killed an orc high priest
  7345 | D        | Killed an orc priest
  7347 | D        | Killed an orc priest
  7393 | D        | Noticed an orange crystal statue
  7418 | D        | Killed an orange crystal statue
  7644 | D        | Found Cixofeis's Jewellery Emporium.
  7644 | D        | Found Ladwuig's Book Shop.
  7644 | D        | Found Xios's Antique Weapon Shoppe.
  7644 | D        | Found Wimagen's Distillery.
  7644 | D        | Found Fisteq's Distillery.
  7644 | D        | Found Warak's Gadget Shop.
  7644 | D        | Found Gaikuse's Book Emporium.
  7644 | D        | Found Jopt's Antique Armour Boutique.
  7645 | D        | Found Tujujaka's Magic Scroll Boutique.
  7645 | D        | Found Teuhuestra's Food Shoppe.
  7645 | D        | Found Vimitty's Jewellery Shop.
  7645 | D        | Found Itaig's Magic Scroll Emporium.
  7660 | D        | Bought a scroll of identify for 24 gold pieces
  7660 | D        | Bought a scroll of identify for 24 gold pieces
  7662 | D        | Bought a scroll of identify for 24 gold pieces
  7662 | D        | Bought a scroll of identify for 24 gold pieces
  7665 | D        | Bought the ring "Hubestry" {rPois MP+9 Dex+4} for 475 gold pieces
  7669 | D        | Bought a scroll of identify for 20 gold pieces
  7669 | D        | Bought a scroll of identify for 20 gold pieces
  7669 | D        | Bought a scroll of enchant armour for 75 gold pieces
  7669 | D        | Bought a scroll of identify for 20 gold pieces
  7669 | D        | Bought a scroll of identify for 20 gold pieces
  7676 | D        | Bought a potion of curing for 30 gold pieces
  7676 | D        | Bought a potion of curing for 30 gold pieces
  7676 | D        | Bought a potion of heal wounds for 50 gold pieces
  7676 | D        | Bought a potion of heal wounds for 50 gold pieces
  7676 | D        | Bought a potion of magic for 80 gold pieces
  7676 | D        | Bought a potion of heal wounds for 50 gold pieces
  7679 | D        | Bought a potion of curing for 42 gold pieces
  7679 | D        | Bought a potion of heal wounds for 70 gold pieces
  7679 | D        | Bought a potion of heal wounds for 70 gold pieces
  7717 | D        | Noticed a spriggan defender
  7718 | D        | Noticed a spriggan defender
  7718 | D        | Noticed a spriggan defender
  7718 | D        | Noticed a spriggan defender
  7722 | D        | Killed a spriggan defender
  7722 | D        | Reached skill level 1 in Air Magic
  7722 | D        | Reached XP level 14. HP: 52/74 MP: 14/36
  7723 | D        | Killed a spriggan defender
  7724 | D        | Killed a spriggan defender
  7729 | D        | Killed a spriggan defender
  7847 | D        | Learned a level 3 spell: Mephitic Cloud
  7976 | D        | Got a fine ivory ring
  7978 | D        | Identified the ring "Hatoec" {rPois rF++ Str+3} (You found it in the Dungeon)
  7989 | D        | Noticed an anaconda
  7992 | D        | Killed an anaconda
  7992 | D        | Reached skill level 5 in Shields
  7997 | D        | Identified Fyghoudgh's Tome of Attacks
  8010 | D        | Noticed a red ugly thing
  8023 | D        | Killed a red ugly thing
  8065 | D        | Noticed a centaur warrior
  8069 | D        | Killed a centaur warrior
  8077 | D        | Noticed a fire dragon
  8079 | D        | Killed a fire dragon
  8089 | D        | Noticed a slime creature
  8090 | D        | Noticed a deep troll
  8091 | D        | Killed a slime creature
  8091 | D        | Reached skill level 5 in Translocations
  8091 | D        | Reached skill level 5 in Transmutations
  8094 | D        | Killed a deep troll
  8108 | D        | Noticed a hand axe of draining
  8108 | D        | Noticed a war axe of flaming
  8108 | D        | Noticed a glaive of venom
  8109 | D        | Noticed a hand axe of venom
  8110 | D        | Killed a war axe of flaming
  8112 | D        | Killed a hand axe of venom
  8134 | D        | Killed a yaktaur
  8143 | D        | Killed a hand axe of draining
  8470 | D        | Killed a glaive of venom
  8558 | D        | Got a polished quick blade
  8559 | D        | Identified the +0 quick blade "Dunerun" {venom, rElec MP+9} (You found it in the Dungeon)
  8611 | D        | Noticed a yaktaur captain
  8611 | D        | Noticed a slime creature
  8611 | D        | Noticed a sea snake
  8612 | D        | Noticed a slime creature
  8612 | D        | Noticed a slime creature
  8613 | D        | Killed a sea snake
  8616 | D        | Killed a slime creature
  8619 | D        | Killed a slime creature
  8688 | D        | Gained mutation: You occasionally shout uncontrollably at your foes. [mutagenic glow]
  8847 | D        | Killed a slime creature
  8852 | D        | Killed a yaktaur captain
  9117 | D        | Noticed Chuck
  9118 | D        | Noticed a slime creature
  9121 | D        | Killed a slime creature
  9131 | D        | Killed Chuck
  9321 | D        | Noticed Norris
  9324 | D        | Killed Norris
  9324 | D        | Reached skill level 22 in Stealth
  9331 | D        | Noticed a green ugly thing
  9332 | D        | Noticed a yaktaur
  9333 | D        | Killed a green ugly thing
  9335 | D        | Killed a yaktaur
  9336 | D        | Noticed a brown ugly thing
  9340 | D        | Killed a brown ugly thing
  9343 | D        | Noticed a lich
  9349 | D        | Killed a lich
  9402 | D        | Noticed a deep troll
  9403 | D        | Noticed a torpor snail
  9404 | D        | Killed a deep troll
  9405 | D        | Noticed a cyan ugly thing
  9406 | D        | Killed a torpor snail
  9409 | D        | Noticed an ogre mage
  9409 | D        | Noticed a shadow dragon
  9409 | D        | Noticed a shadow dragon
  9414 | D        | Killed a cyan ugly thing
  9444 | D        | Killed an ogre mage
  9694 | D        | Killed a shadow dragon
  9989 | D        | Killed a shadow dragon
 10165 | D        | Noticed an obsidian statue
 10177 | D        | Killed an obsidian statue
 10358 | D        | Noticed a vampire knight
 10359 | D        | Killed a vampire knight
 10371 | D        | Noticed a bone dragon
 10604 | D        | Killed a bone dragon
 10604 | D        | Reached skill level 5 in Earth Magic
 10712 | D        | Noticed a necromancer
 10719 | D        | Killed a necromancer
 10719 | D        | Reached skill level 5 in Poison Magic
 10740 | D        | Noticed a vampire knight
 10750 | D        | Killed a vampire knight
 10861 | D        | Noticed a guardian mummy
 10863 | D        | Killed a guardian mummy
 10943 | D        | Noticed a necromancer
 10949 | D        | Killed a necromancer
 10949 | D        | Reached XP level 15. HP: 79/79 MP: 32/38
 10973 | D        | Noticed a necromancer
 10975 | D        | Killed a necromancer
 10981 | D        | Noticed a skeletal warrior
 11000 | D        | Killed a skeletal warrior
 11104 | D        | Noticed a bone dragon
 11273 | D        | Killed a bone dragon
 11273 | D        | Reached skill level 23 in Stealth
 11273 | D        | Reached skill level 10 in Ice Magic
 11414 | D        | Noticed a bone dragon
 11416 | D        | Killed a bone dragon
 11416 | D        | Reached skill level 10 in Fighting
 11427 | D        | Noticed a bone dragon
 11429 | D        | Killed a bone dragon
 11429 | D        | Reached skill level 10 in Shields
 11429 | D        | Reached skill level 5 in Air Magic
 11435 | D        | Noticed a guardian mummy
 11438 | D        | Killed a guardian mummy
 11455 | D        | Noticed a vampire knight
 11466 | D        | Killed a vampire knight
 11498 | D        | Noticed a skeletal warrior
 11500 | D        | Killed a skeletal warrior
 11580 | D        | Noticed a guardian mummy
 11580 | D        | Noticed a mummy priest
 11581 | D        | Noticed a sphinx
 11581 | D        | Noticed a sphinx
 11581 | D        | Noticed a guardian mummy
 11581 | D        | Noticed a guardian mummy
 11598 | D        | Killed a sphinx
 11602 | D        | Killed a mummy priest
 11605 | D        | Killed a sphinx
 11611 | D        | Killed a guardian mummy
 11613 | D        | Killed a guardian mummy
 11619 | D        | Killed a guardian mummy
 11870 | D        | Learned a level 4 spell: Airstrike
 11885 | D        | Noticed a mummy priest
 11886 | D        | Noticed a guardian mummy
 11886 | D        | Noticed a guardian mummy
 11896 | D        | Killed a mummy priest
 11897 | D        | Noticed a mummy priest
 11899 | D        | Killed a guardian mummy
 11900 | D        | Killed a guardian mummy
 11901 | D        | Noticed a mummy priest
 11901 | D        | Noticed a mummy priest
 12023 | D        | Killed a mummy priest
 12091 | D        | Killed a mummy priest
 12093 | D        | Killed a mummy priest
 12093 | D        | Reached skill level 10 in Translocations
 12333 | D        | Noticed a mummy priest
 12337 | D        | Noticed a guardian mummy
 12337 | D        | Noticed a guardian mummy
 12337 | D        | Noticed a mummy priest
 12337 | D        | Noticed a guardian mummy
 12337 | D        | Noticed a guardian mummy
 12337 | D        | Noticed a mummy priest
 12337 | D        | Noticed a greater mummy
 12337 | D        | Noticed a guardian mummy
 12337 | D        | Noticed a guardian mummy
 12337 | D        | Noticed a mummy priest
 12337 | D        | Noticed a greater mummy
 12337 | D        | Noticed a guardian mummy
 12337 | D        | Noticed a guardian mummy
 12337 | D        | Noticed a mummy priest
 12349 | D        | Killed a guardian mummy
 12351 | D        | Killed a guardian mummy
 12488 | D        | Killed a guardian mummy
 12493 | D        | Killed a mummy priest
 12493 | D        | Killed a guardian mummy
 12520 | D        | Noticed a Shadow Fiend
 12531 | D        | Mangled by a reaper

Vault maps used:
D:        dungeon_sprint_mu

Action                   |  1- 3 |  4- 6 |  7- 9 | 10-12 | 13-15 || total
-------------------------+-------+-------+-------+-------+-------++-------
Melee: Dagger            |    11 |    35 |    98 |   119 |   392 ||   655
Throw: Throwing net      |       |       |       |       |     6 ||     6
 Cast: Corona            |     3 |       |       |       |     1 ||     4
       Ensorcelled Hiber |     1 |       |    36 |    20 |    20 ||    77
       Dazzling Spray    |       |     9 |     9 |    30 |   177 ||   225
       Confuse           |       |       |     3 |       |     6 ||     9
       Tukima's Dance    |       |       |     4 |     1 |    12 ||    17
       Passage of Golubr |       |       |       |       |     9 ||     9
       Invisibility      |       |       |       |       |     7 ||     7
       Lee's Rapid Decon |       |       |       |       |    43 ||    43
       Freezing Cloud    |       |       |       |       |     3 ||     3
       Mephitic Cloud    |       |       |       |       |     1 ||     1
       Darkness          |       |       |       |       |     2 ||     2
       Airstrike         |       |       |       |       |     1 ||     1
Invok: Shadow Step       |       |       |       |    18 |     7 ||    25
Evoke: Wand              |       |       |       |       |     2 ||     2
  Use: Potion            |       |     3 |     2 |       |    10 ||    15
       Scroll            |       |       |       |     4 |    13 ||    17
 Stab: Sleeping          |     5 |     4 |    29 |    52 |    42 ||   132
       Invisible         |       |     1 |     3 |     8 |    19 ||    31
       Confused          |       |       |     1 |       |     3 ||     4
       Distracted        |       |       |     1 |       |     4 ||     5
       Held in net/web   |       |       |     1 |       |     5 ||     6
  Eat: Bread ration      |       |       |       |     1 |     1 ||     2
       Fruit             |       |       |       |       |     7 ||     7
